 Dungeon Crawl Stone Soup version 0.23-a0-38-g6d804a8 (webtiles) character file.

257 Amnesiac the Conjurer (level 5, -4/35 HPs)
             Began as a Mummy Fire Elementalist on Aug 5, 2018.
             Killed by miscasting Sticky Flame (21 damage)
             ... on level 5 of the Dungeon.
             The game lasted 00:03:33 (1989 turns).

Amnesiac the Conjurer (Mummy Fire Elementalist)     Turns: 1989, Time: 00:03:34

Health: -4/35      AC:  6    Str: 12    XL:     5   Next: 93%
Magic:  2/10       EV: 11    Int: 15    God:
Gold:   70         SH:  0    Dex: 12    Spells: 3/11 levels left

rFire    x . .     SeeInvis .   a - +0 hunting sling
rCold    + . .     Gourm    .   (no shield)
rNeg     + + +     Faith    .   j - +3 leather armour
rPois    ∞         Spirit   .   (no helmet)
rElec    .         Reflect  .   (no cloak)
rCorr    .         Harm     +   (no gloves)
MR       .....                  (no boots)
Stlth    +.........             i - amulet of harm
HPRegen  0.11/turn              (no ring)
MPRegen  0.12/turn              (no ring)

@: very slightly contaminated
A: no food or potions, fire vulnerability, cold resistance 1, negative energy
resistance 3, torment resistance, unbreathing
a: no special abilities


You were on level 5 of the Dungeon.
You were not hungry.

You visited 1 branch of the dungeon, and saw 5 of its levels.

You collected 70 gold pieces.

Inventory:

Hand Weapons
 a - a +0 hunting sling (weapon)
 k - a +0 spear
Missiles
 l - 41 sling bullets (quivered)
 m - 31 stones
Armour
 j - a +3 leather armour (worn)
Jewellery
 i - an amulet of harm (around neck)
Wands
 h - a wand of polymorph (14)
Scrolls
 b - a scroll of fog {!r, unknown}
 c - 3 scrolls of teleportation {!r, unknown}
 d - 4 scrolls of identify {!r, unknown}
 e - 2 scrolls of enchant weapon {!r, unknown}
 f - a scroll of blinking {!r, unknown}
 g - 2 scrolls of amnesia {!r, unknown}


   Skills:
 - Level 1.5 Dodging
 - Level 1.5 Stealth
 + Level 3.5 Spellcasting
 * Level 3.7 Conjurations
 * Level 3.6 Fire Magic


You had 3 spell levels left.
You knew the following spells:

 Your Spells              Type           Power        Failure   Level  Hunger
a - Flame Tongue          Conj/Fire      ##...        5%          1    N/A
e - Sticky Flame          Conj/Fire      ##......     45%         4    N/A
s - Conjure Flame         Conj/Fire      ##......     16%         3    N/A

Your spell library contained the following spells:

 Spells                   Type           Power        Failure   Level  Hunger
 Fireball                 Conj/Fire      ##........   82%         5    N/A
 Throw Flame              Conj/Fire      ##....       8%          2    N/A
 Inner Flame              Hex/Fire       #.......     34%         3    N/A

Dungeon Overview and Level Annotations

Branches:
Dungeon (5/15)
 Temple: D:4-7

Altars:
Sif Muna
Wu Jian


Innate Abilities, Weirdness & Mutations

You do not eat or drink.
Your flesh is vulnerable to fire.
You are immune to poison.
Your flesh is cold resistant. (rC+)
You are immune to negative energy. (rN+++)
You are immune to unholy pain and torment.
You can survive without breathing.


Message History

You now have 57 gold pieces (gained 14).
A scorpion comes into view.
There is a stone staircase leading up here.
You climb upwards.
There is a stone staircase leading down here.
You see here a robe.
There is a stone staircase leading up here.
You climb upwards.
Found a leather armour, 18 sling bullets and a hunting sling.
There is a stone staircase leading down here.
Found 13 gold pieces.
You see here a hunting sling.
k - a hunting sling Wield which item (- for none, * to show all)? (? for menu, Esc to quit)
k - a +0 hunting sling (weapon)
Adjust (i)tems, (s)pells, or (a)bilities?
Adjust which item? (? for menu, Esc to quit)
k - a +0 hunting sling (weapon)
Adjust to which letter? (? for menu, Esc to quit)
a - a +0 hunting sling (weapon);
k - a +0 spear You now have 70 gold pieces (gained 13).
l - 18 sling bullets Search for what [Enter for "sli", or ? for help]? sto Unknown command.
Unknown command.
Search for what [Enter for "sto", or ? for help]? bul
There is a stone staircase leading down here.
You climb downwards.
There is a stone staircase leading up here.
You see here a ration.
l - 41 sling bullets (gained 23)
m - 21 stones You see here a ring mail.
Key pressed, stopping explore.
There is an escape hatch in the floor here.
m - 31 stones (gained 10) Done exploring.
Done exploring.
Done exploring.
Done exploring.
There is an escape hatch in the floor here.
You slide downwards.
The hatch slams shut behind you.
Found 28 gold pieces.
Found a scroll labeled NIEKHIYLOO.
Casting: Flame Tongue (safe; 5% risk of failure)
Confirm with . or Enter, or press ? or * to list all spells.
Aiming: Sticky Flame (quite dangerous; 45% risk of failure)
Press: ? - help, Shift-Dir - straight line, f - scorpion
Aim: a scorpion You miscast Sticky Flame.
You are very lightly contaminated with residual magic.
Energy rips through your body!
Ouch! That really hurt!
* * * LOW HITPOINT WARNING * * *
The scorpion stings you but does no damage.
Casting: Sticky Flame (quite dangerous; 45% risk of failure)
Confirm with . or Enter, or press ? or * to list all spells.
Aiming: Sticky Flame (quite dangerous; 45% risk of failure)
Press: ? - help, Shift-Dir - straight line, f/p - scorpion
Aim: a scorpion You miscast Sticky Flame.
You are caught in a violent explosion!
The explosion engulfs you!
Ouch! That really hurt!
You die...

#... ####...
########.## #......
#.....<..#. ......
#.#####..#. #....
####.##......^ #...
#.......##..##
#...####.##.##.##....
#.$......##.......###
#.$.@###.##........#
.?.....s....##.##.###.#
...............##.# ...
..................# ##.
####....###.#####.# .
#.#... ..# #.# .###.#
## #.# ## .## #.# #..


You could see a scorpion.

Vanquished Creatures
  A water moccasin skeleton (D:4)
  A centaur skeleton (D:4)
  2 orc priests (D:4)
  A hound (D:4)
  A worker ant (D:4)
  3 adders (D:4)
  An adder skeleton (D:4)
  A worm (D:4)
  A dart slug (D:1)
  7 orcs
  2 ball pythons
  3 goblins
  2 kobolds (D:3)
  2 quokkas (D:4)
  2 bats (D:2)
  4 frilled lizards
  3 rats
37 creatures vanquished.

Notes
Turn   | Place    | Note
-------+----------+-------------------------------------------
     0 | D:1      | Amnesiac the Mummy Fire Elementalist began the quest for the Orb.
     0 | D:1      | Reached XP level 1. HP: 13/13 MP: 4/4
    25 | D:1      | Reached skill level 1 in Conjurations
    44 | D:1      | Reached XP level 2. HP: 15/19 MP: 5/5
   143 | D:3      | Found an ornate altar of the Wu Jian Council.
   262 | D:5      | Entered Level 5 of the Dungeon
   275 | D:4      | Reached XP level 3. HP: 13/24 MP: 0/7
   326 | D:4      | Learned a level 3 spell: Conjure Flame
   401 | D:4      | Reached XP level 4. HP: 25/30 MP: 2/8
   450 | D:4      | Learned a level 4 spell: Sticky Flame
   650 | D:4      | Reached XP level 5. HP: 7/35 MP: 0/9
   934 | D:4      | Found a deep blue altar of Sif Muna.
  1989 | D:5      | Killed by miscasting Sticky Flame

Vault maps used:
D:1:      dpeg_arrival_simpleton_c, minivault_23, st_stairs_8, ashenzari_altar_1
D:2:      first_ration
D:3:      lemuel_round_altar
D:4:      led_sif_pool
D:5:      basic_altar, kennysheep_generic_room_15

Skill      XL: |  1  2  3  4 |
---------------+-------------+-----
Conjurations   | 1 2 3 |  3.7
Spellcasting   | 3 |  3.5
Fire Magic     | 3 |  3.6
Dodging        | |  1.5
Stealth        | |  1.5

Action                   |  1- 3 |  4- 6 || total
-------------------------+-------+-------++-------
Melee: Spear             |    34 |    15 ||    49
 Cast: Flame Tongue      |    16 |    49 ||    65
 Stab: Sleeping          |     3 |       ||     3
Armor: Robe              |     4 |     3 ||     7
       Leather armour    |       |     3 ||     3
Dodge: Dodged            |    13 |    32 ||    45

Table legend:
 A = Spawn XP
 B = Non-spawn XP
 C = Spawn XP percentage of total XP
 D = Spawn monster count
 E = Non-spawn monster count
 F = Spawn count percentage of total count
 G = Total turns spent on level
                    A         B        C        D         E        F      G
               +---------+---------+-------+---------+---------+-------+---------
         Total |       0 |     368 |   0.0 |       0 |      37 |   0.0 |  1989
               +---------+---------+-------+---------+---------+-------+---------
           D:1 |       0 |      12 |   0.0 |       0 |       6 |   0.0 |    55
           D:2 |       0 |       7 |   0.0 |       0 |       6 |   0.0 |    82
           D:3 |       0 |       7 |   0.0 |       0 |       4 |   0.0 |   225
           D:4 |       0 |     342 |   0.0 |       0 |      21 |   0.0 |  1553
               +---------+---------+-------+---------+---------+-------+---------
